 Dungeon Crawl Stone Soup version 0.21.1-1-g345015fe64 (webtiles) character file.

55 Jannitor the Skirmisher (level 3, 2/33 HPs)
             Began as a Hill Orc Abyssal Knight on May 29, 2018.
             Was a Follower of Lugonu.
             Quit the game on level 2 of the Dungeon.
             The game lasted 00:02:37 (1915 turns).

Jannitor the Skirmisher (Hill Orc Abyssal Knight)   Turns: 1915, Time: 00:02:37

Health: 2/33       AC:  3    Str: 15    XL:     3   Next: 93%
Magic:  5/5        EV: 11    Int: 12    God:    Lugonu [*.....]
Gold:   94         SH:  0    Dex: 10    Spells: 2/2 levels left

rFire    . . .     SeeInvis .   a - +1 hand axe
rCold    . . .     Gourm    .   (no shield)
rNeg     . . .     Faith    .   b - +0 leather armour
rPois    .         Spirit   .   (no helmet)
rElec    .         Reflect  .   (no cloak)
rCorr    .         Harm     .   (no gloves)
MR       .....                  (no boots)
Stlth    +.........             (no amulet)
HPRegen  0.11/turn              (no ring)
MPRegen  0.09/turn              (no ring)

@: slowed, very slow
A: no striking features
a: Depart the Abyss, Renounce Religion


You were on level 2 of the Dungeon.
You worshipped Lugonu.
Lugonu was aware of your devotion.
You were very hungry.

You visited 1 branch of the dungeon, and saw 2 of its levels.
You visited the Abyss 1 time.

You collected 94 gold pieces.

Inventory:

Hand Weapons
 a - a +1 hand axe (weapon)
Armour
 b - a +0 leather armour (worn)
Jewellery
 f - an uncursed ring of see invisible {unknown}
Scrolls
 d - a scroll of teleportation {unknown}
 e - 2 scrolls of identify
Potions
 g - a potion of agility {unknown}
Comestibles
 c - a ration


   Skills:
 + Level 4.1 Fighting
 + Level 3.3 Axes
 + Level 2.7 Armour
 + Level 1.4 Dodging
 + Level 3.2 Invocations


You had 2 spell levels left.
You didn't know any spells.

Dungeon Overview and Level Annotations

Branches:
Dungeon (2/15)

Altars:

Annotations:
D:2 Natasha, Sigmund


Message History

The white imp gestures at you. The puff of frost hits you! Natasha misses you.
You closely miss Natasha.
Natasha is moderately wounded.
Natasha closely misses you. Natasha completely misses you.
The crimson imp hits you but does no damage.
You miss Natasha.
Natasha is moderately wounded.
You closely miss the crimson imp. Natasha closely misses you.
The crimson imp hits you.
Natasha stares at you and mumbles some strange words.
The magic dart hits you!
* * * LOW HITPOINT WARNING * * *
The crimson imp blinks!
Natasha mumbles some strange words.
Natasha shimmers violently.
The white imp gestures at you. The puff of frost hits you!
* * * LOW HITPOINT WARNING * * *
Are you sure you want to abandon this character and quit the game? (Confirm with "yes".)

### ....###
#########
#....####.......#
#.h5.@...###.#
#..5.####.#.# #.#
......# #.#.###.#
....## #.#...#.#
[.. #.###.#.# ..
#.# #.#.# #
#.###.#.#
#.......#
#####.###


You could see Natasha, a crimson imp and a white imp.

Vanquished Creatures
  An iguana (D:2)
  2 leopard geckos (D:1)
  A ball python (D:1)
  4 bats
  2 goblins (D:1)
  4 hobgoblins
  4 jackals (D:1)
  2 kobolds (D:1)
  2 frilled lizards (D:1)
  2 rats (D:1)
24 creatures vanquished.

Notes
Turn   | Place    | Note
-------+----------+-------------------------------------------
     0 | Abyss:1  | Jannitor the Hill Orc Abyssal Knight began the quest for the Orb.
     0 | Abyss:1  | Reached XP level 1. HP: 19/19 MP: 2/2
    35 | Abyss:2  | Found a corrupted altar of Lugonu.
   103 | Abyss:2  | Noticed an ancient zyme
   107 | Abyss:2  | Noticed an ice devil
   110 | Abyss:2  | Noticed a tentacled starspawn
   114 | Abyss:3  | Found a corrupted altar of Lugonu.
   117 | Abyss:3  | Noticed a large abomination
   118 | Abyss:3  | Noticed a chaos spawn
   127 | D:1      | Escaped the Abyss
   576 | D:1      | Reached skill level 1 in Dodging
   576 | D:1      | Reached XP level 2. HP: 27/27 MP: 3/3
   720 | D:1      | Reached * piety under Lugonu
  1112 | D:1      | Reached XP level 3. HP: 16/33 MP: 5/5
  1477 | D:2      | Reached skill level 4 in Fighting
  1646 | D:2      | Noticed Sigmund
  1903 | D:2      | Noticed Natasha
  1915 | D:2      | Quit the game

Skill      XL: |  1  2  3 |
---------------+----------+-----
Dodging        | 1 |  1.4
Axes           | 3 |  3.3
Fighting       | 4 |  4.1
Invocations    | 3 |  3.2
Armour         | |  2.7

Action                   || total
-------------------------++-------
Melee: Hand axe          ||    91
Invok: Depart the Abyss  ||     1
  Use: Scroll            ||     4
       Potion            ||     1
  Eat: Chunk             ||     2
Armor: Leather armour    ||    22
       Skin              ||    12
Dodge: Dodged            ||    69
